 Dungeon Sprint DCSS version 0.22.1-2-g9c5b331 (webtiles) character file.

4617 diana the Impaler (level 10, 39/93 HPs)
             Began as a Merfolk Gladiator on Dec 4, 2018.
             Was a High Priest of Okawaru.
             Quit the game in the Dungeon (Sprint IX: "|||||||||||||||||||||||||||||").
             The game lasted 00:05:56 (2219 turns).

diana the Impaler (Merfolk Gladiator)               Turns: 2219, Time: 00:05:56

Health: 39/93      AC: 15    Str: 21    XL:     10   Next: 42%
Magic:  7/14       EV: 30    Int:  7    God:    Okawaru [*****.]
Gold:   0          SH:  0    Dex: 19    Spells: 9/9 levels left

rFire    . . .     SeeInvis .   p - +2 halberd (protect)
rCold    . . .     Gourm    .   (shield currently unavailable)
rNeg     . . .     Faith    .   v - +2 leather armour {rPois}
rPois    +         Spirit   .   r - +0 helmet
rElec    .         Reflect  .   q - +0 cloak
rCorr    .         Harm     .   (no gloves)
MR       .....     NoTele   +   (no boots)
Stlth    +++.......             (no amulet)
HPRegen  0.25/turn              t - +3 ring of dexterity
MPRegen  0.14/turn              u - +3 ring of strength

@: heroism, finesse, protection aura
A: change form in water, swift swim, stealthy swim
a: Heroism, Finesse, Renounce Religion


You were in the Dungeon.
You worshipped Okawaru.
Okawaru was extremely pleased with you.
You were very hungry.

You visited 1 branch

Inventory:

Hand Weapons
 a - a +0 trident
 p - a +2 halberd of protection (weapon)
Missiles
 d - 3 throwing nets (quivered)
Armour
 q - a +0 cloak (worn)
 r - a +0 helmet (worn)
 v - a +2 leather armour of poison resistance (worn)
Jewellery
 t - a +3 ring of dexterity (left hand)
 u - a +3 ring of strength (right hand)
Scrolls
 b - 2 scrolls of enchant armour
 c - a scroll of identify
 m - 5 scrolls of remove curse
 n - 2 scrolls of amnesia
Potions
 e - a potion of invisibility
 g - 5 potions of heal wounds
 i - 4 potions of magic
 j - 2 potions of berserk rage
 l - 6 potions of curing
Comestibles
 f - a ration


   Skills:
 + Level 13.9(18.9) Fighting
 - Level 19.0(24.0) Polearms
 - Level 2.0(7.0) Throwing
 + Level 3.6(8.6) Armour
 + Level 16.3(21.3) Dodging
 + Level 5.4 Invocations


You had 9 spell levels left.
You didn't know any spells.
Your spell library was empty.

Dungeon Overview and Level Annotations

Branches:
Dungeon (1/1)

Altars:
Cheibriados
Dithmenos
Elyvilon
Fedhas
Gozag
Hepliaklqana
Kikubaaqudgha
Makhleb
Nemelex Xobeh
Okawaru
Qazlal
Ru
Sif Muna
Trog
Uskayaw
Vehumet
Wu Jian
Xom
Yredelemnul
Zin
The Shining One
Beogh
Jiyva
Lugonu


Message History

The 11-headed hydra bites you but does no damage.
The 11-headed hydra bites you! The 11-headed hydra barely misses you.
The 11-headed hydra completely misses you. x2
You hit the 11-headed hydra.
The 11-headed hydra is heavily wounded.
You slice one of the 11-headed hydra's heads off!
The ten-headed hydra grows two more!
You hit the 12-headed hydra.
The 12-headed hydra is moderately wounded.
The 12-headed hydra barely misses you.
The 12-headed hydra completely misses you.
The 12-headed hydra bites you! The 12-headed hydra closely misses you.
The 12-headed hydra barely misses you. The 12-headed hydra misses you. x2
The 12-headed hydra bites you!
The 12-headed hydra completely misses you.
The 12-headed hydra misses you. The 12-headed hydra closely misses you.
The 12-headed hydra barely misses you.
You are too injured to fight recklessly!
Unknown command.
Okay, then.
Are you sure you want to abandon this character and quit the game? (Confirm

▓_▓.▓
▓_▓.▓.▓
▓_▓.▓.▓
▓_▓.▓.▓
▓_▓.▓.▓
▓_▓.▓.▓
▓_▓.▓.▓
▓_▓.▓D▓
▓_▓.▓@▓
▓_▓.▓÷▓
▓_▓.▓.▓
▓_▓.▓.▓
▓_▓.▓.▓
▓_▓.▓.▓
▓_▓.▓.▓
▓_▓.▓.▓
▓_▓.▓÷▓


You could see a 12-headed hydra.

Vanquished Creatures
  A hydra (D)
  A death yak (D)
  2 ugly things (D)
  A cyclops (D)
  A black mamba (D)
  2 wyverns (D)
  A yak (D)
  5 water moccasins (D)
  A sky beast (D)
  A black bear (D)
  5 crocodiles (D)
  2 bullfrogs (D)
  A wight (D)
  2 jellies (D)
  3 worker ants (D)
  An adder (D)
  A shadow imp (D)
  A bat skeleton (D)
  A giant cockroach (D)
  A hobgoblin (D)
  A jackal (D)
  A frilled lizard (D)
  A leopard gecko zombie (D)
  2 rats (D)
39 creatures vanquished.

Notes
Turn   | Place    | Note
-------+----------+-------------------------------------------
     0 | D        | diana the Merfolk Gladiator began the quest for the Orb.
     0 | D        | Reached XP level 1. HP: 16/16 MP: 1/1
     7 | D        | Reached skill level 5 in Polearms
    27 | D        | Noticed a worker ant
    27 | D        | Noticed a worker ant
    30 | D        | Reached XP level 2. HP: 24/24 MP: 2/2
    43 | D        | Reached skill level 7 in Polearms
    43 | D        | Reached skill level 5 in Dodging
    43 | D        | Reached XP level 3. HP: 23/30 MP: 3/3
    45 | D        | Reached skill level 8 in Polearms
    56 | D        | Reached XP level 4. HP: 17/38 MP: 4/4
   234 | D        | Found a roughly hewn altar of Beogh.
   234 | D        | Found a snail-covered altar of Cheibriados.
   234 | D        | Found a shadowy altar of Dithmenos.
   234 | D        | Found a white marble altar of Elyvilon.
   234 | D        | Found a blossoming altar of Fedhas.
   234 | D        | Found an opulent altar of Gozag.
   235 | D        | Found a hazy altar of Hepliaklqana.
   236 | D        | Found a viscous altar of Jiyva.
   237 | D        | Found an ancient bone altar of Kikubaaqudgha.
   238 | D        | Found a corrupted altar of Lugonu.
   239 | D        | Found a burning altar of Makhleb.
   240 | D        | Found a sparkling altar of Nemelex Xobeh.
   241 | D        | Found an iron altar of Okawaru.
   242 | D        | Found a stormy altar of Qazlal.
   243 | D        | Found a sacrificial altar of Ru.
   244 | D        | Found a deep blue altar of Sif Muna.
   245 | D        | Found a bloodstained altar of Trog.
   246 | D        | Found a hide-covered altar of Uskayaw.
   247 | D        | Found a radiant altar of Vehumet.
   248 | D        | Found an ornate altar of the Wu Jian Council.
   249 | D        | Found a shimmering altar of Xom.
   251 | D        | Became a worshipper of Warmaster Okawaru
   253 | D        | Found a basalt altar of Yredelemnul.
   254 | D        | Found a glowing silver altar of Zin.
   255 | D        | Found a glowing golden altar of the Shining One.
   307 | D        | Noticed a sky beast
   307 | D        | Noticed a yak
   315 | D        | Killed a yak
   315 | D        | Reached * piety under Okawaru
   315 | D        | Reached skill level 12 in Polearms
   315 | D        | Reached XP level 5. HP: 33/47 MP: 5/5
   318 | D        | Reached XP level 6. HP: 38/55 MP: 6/6
   325 | D        | Reached skill level 13 in Polearms
   330 | D        | Killed a sky beast
   330 | D        | Reached ** piety under Okawaru
   330 | D        | Reached skill level 14 in Polearms
   330 | D        | Reached skill level 10 in Dodging
   424 | D        | Noticed a red ugly thing
   424 | D        | Noticed a water moccasin
   424 | D        | Noticed a cyclops
   424 | D        | Noticed a purple ugly thing
   435 | D        | Killed a purple ugly thing
   435 | D        | Reached *** piety under Okawaru
   435 | D        | Reached skill level 16 in Polearms
   435 | D        | Reached XP level 7. HP: 40/64 MP: 4/7
   440 | D        | Killed a cyclops
   440 | D        | Reached **** piety under Okawaru
   440 | D        | Reached skill level 10 in Fighting
   440 | D        | Reached skill level 17 in Polearms
   440 | D        | Reached XP level 8. HP: 46/72 MP: 5/8
   447 | D        | Killed a red ugly thing
   447 | D        | Reached skill level 18 in Polearms
   459 | D        | Reached XP level 9. HP: 46/79 MP: 4/9
   728 | D        | Noticed a five-headed hydra
  1079 | D        | Reached skill level 19 in Polearms
  1634 | D        | Killed an 11-headed hydra
  1634 | D        | Reached ***** piety under Okawaru
  1634 | D        | Reached skill level 15 in Dodging
  1806 | D        | Reached skill level 1 in Invocations
  1814 | D        | Noticed a black mamba
  1814 | D        | Noticed a death yak
  1820 | D        | Killed a death yak
  1820 | D        | Reached XP level 10. HP: 92/92 MP: 9/12
  1824 | D        | Killed a black mamba
  1828 | D        | Noticed a six-headed hydra
  1833 | D        | Reached skill level 5 in Invocations
  2219 | D        | Quit the game

Skill      XL: |  1  2  3  4  5  6  7  8  9 10 |
---------------+-------------------------------+-----
Polearms       | 5 7 8 12 16 17 18 19 | 19.0
Fighting       | 3 4 6 7 9 10 13 | 13.9
Dodging        | 5 6 8 9 11 12 13 15 16 | 16.3
Invocations    | 3 5 |  5.4
Armour         | 2 3 |  3.6
Throwing       | |  2.0

Action                   |  1- 3 |  4- 6 |  7- 9 | 10-12 || total
-------------------------+-------+-------+-------+-------++-------
Melee: Trident           |    45 |       |       |       ||    45
       Halberd           |       |    32 |    77 |    26 ||   135
Invok: Heroism           |       |     1 |     2 |     1 ||     4
       Finesse           |       |       |       |     1 ||     1
Evoke: Wand              |       |       |     8 |     2 ||    10
  Use: Potion            |     1 |     1 |     1 |     1 ||     4
       Scroll            |       |       |     3 |       ||     3
  Eat: Chunk             |       |       |     3 |       ||     3
Armor: Leather armour    |    10 |     6 |    21 |     8 ||    45
Dodge: Dodged            |    28 |    12 |    99 |    48 ||   187
